 Dungeon Crawl Stone Soup version 0.29.1-15-g9cfb28693d (webtiles) character file.

Game seed: 1062744662336436618

194 safid the Chiller (level 5, 0/41 HPs)
             Began as a Merfolk Ice Elementalist on Mar 13, 2023.
             Slain by a bullfrog (3 damage)
             ... in a sewer.
             The game lasted 00:08:44 (3026 turns).

safid the Chiller (Merfolk Ice Elementalist)        Turns: 3026, Time: 00:08:45

Health: 0/41       AC: 10    Str:  9    XL:     5   Next: 73%
Magic:  4/10       EV: 12    Int: 22    God:
Gold:   105        SH:  0    Dex: 14    Spells: 3/10 levels left

rFire   . . .      SeeInvis .   r - +1 long sword (flame)
rCold   . . .      Faith    .   (no shield)
rNeg    . . .      Spirit   .   a - +0 robe
rPois   .          Reflect  .   (no helmet)
rElec   .          Harm     .   p - +0 cloak
rCorr   .          Rampage  .   (no gloves)
Will    .....                   (no boots)
Stlth   ++........              (no amulet)
HPRegen 0.13/turn               d - +6 ring of intelligence
MPRegen 0.12/turn               l - ring of wizardry

@: brilliant, ice-armoured
A: (nimble swimmer 2), mertail
a: no special abilities


You were in a sewer.
You visited 1 branch of the dungeon, and saw 3 of its levels.
You also visited: Sewer.

You collected 105 gold pieces.

Inventory:

Hand Weapons
 r - a +1 long sword of flaming (weapon)
Missiles
 n - 6 javelins
Armour
 a - a +0 robe (worn)
 p - a +0 cloak (worn)
Jewellery
 d - a +6 ring of intelligence (left hand)
 f - a ring of ice
 l - a ring of wizardry (right hand)
Scrolls
 c - a scroll of amnesia {unknown}
 g - a scroll of brand weapon {unknown}
 i - a scroll of poison {unknown}
 j - 4 scrolls of identify {unknown}
 k - a scroll of fog {unknown}
 m - a scroll of magic mapping {unknown}
 o - 4 scrolls of fear {unknown}
Potions
 b - 2 potions of magic
 e - a potion of cancellation {unknown}
 h - a potion of brilliance
 q - a potion of flight {unknown}


   Skills:
 + Level 3.1 Fighting
 - Level 2.6 Dodging
 - Level 2.1 Stealth
 + Level 3.4 Spellcasting
 + Level 5.5 Ice Magic


You had 3 spell levels left.
You knew the following spells:

 Your Spells              Type           Power      Damage    Failure   Level
a - Freeze                Ice            100%       1d11      1%          1
b - Frozen Ramparts       Ice            84%        1d13      1%          3
c - Ozocubu's Armour      Ice            42%        N/A       1%          3

Your spell library contained the following spells:

 Spells                   Type           Power      Damage    Failure   Level
 Hailstorm                Conj/Ice       24%        3d7       16%         4


Dungeon Overview and Level Annotations

Branches:
Dungeon (3/15)              Sewer (1/1)

Altars:

Shops:
D:1 :   D:2 *


Innate Abilities, Weirdness & Mutations

((You are very nimble when in or above water. (Stealth+, EV+, Speed+++)))
Your lower body shifts to a powerful aquatic tail in water.


Message History

Your punch misses the bullfrog. The bullfrog hits you.
The bullfrog hits you! x2
You hit the bullfrog. You burn the bullfrog.
The bullfrog is moderately wounded.
The bullfrog closely misses you. The bullfrog hits you. The bullfrog hits you!
The bullfrog barely misses you. The bullfrog closely misses you.
Casting: Freeze (safe; 1% risk of failure)
Confirm with . or Enter, or press ? or * to list all spells.
Aiming: Freeze (safe; 1% risk of failure)
Press: ? - help, Shift-Dir - straight line, f - bullfrog
Aim: a bullfrog (moderately wounded)
You freeze the bullfrog.
The bullfrog is heavily wounded.
The bullfrog barely misses you. The bullfrog closely misses you.
Unknown command.
Casting: Freeze (safe; 1% risk of failure)
Confirm with . or Enter, or press ? or * to list all spells.
Aiming: Freeze (safe; 1% risk of failure)
Press: ? - help, Shift-Dir - straight line, f/p - bullfrog
Aim: a bullfrog (heavily wounded)
You freeze the bullfrog.
The bullfrog is heavily wounded.
The bullfrog hits you!
* * * LOW HITPOINT WARNING * * *
The bullfrog hits you but does no damage.
The bullfrog closely misses you. The bullfrog hits you!
* * * LOW HITPOINT WARNING * * *
Unknown command.
Casting: Freeze (safe; 1% risk of failure)
Confirm with . or Enter, or press ? or * to list all spells.
A film of ice covers your body! The bullfrog closely misses you.
The bullfrog barely misses you.
The bullfrog hits you but does no damage.
The bullfrog barely misses you.
The bullfrog hits you but does no damage.
The bullfrog misses you.
Unknown command.
It was a potion of brilliance.
You feel clever all of a sudden. The bullfrog hits you.
You die...

##~~~.#~~##~..~~~.~~~~###~~~~##
#~~~.##~.#~.#######††~~~##~~~~#
##~~~##~~##~~#~~.≈≈###..~~##~.~#
#~~~~#~~~#.~.~~~.~~≈≈##~~~~#~~~~
##~~.##~~~#~~~.~~~~.~≈≈##~~~##~.~
#.~.~#.~~~#~†~~$~~~~~~≈≈#~~~~#~~~
#∩††~#~.~~#~~.|??.~~..~≈#~~~~#~~~
#.~~~#.~.~#≈~~.?$?.~~~≈≈#~~~~#~~.
##~.~##.~~##≈~~.@F~~≈≈≈##.~~##~~~
#..~.#~~~~##≈≈~~F≈≈≈≈##~~.~#~.~~
##~~~##~~~†###≈≈≈≈≈###~~~.##~~~#
#~.~~##~~~~~#######~~~.~##†~~.#
##~~~.###~~~~~~~†~†..~###~~~~##
##~~~~~####~~~~~~~####~~~~.##
##~~~~†~.#########..~~~~~##
####~†~~~~~~~~~~.~~.~####
####~~.~~~~~~~~####


You could see 2 bullfrogs.

Vanquished Creatures
  An orc wizard (D:3)
  4 adders
  A river rat (D:3)
  6 dart slugs
  A worm (D:2)
  7 orcs (D:3)
  10 endoplasms
  11 giant cockroaches
  3 goblins
  A hobgoblin (D:2)
  4 jackals (D:3)
  8 quokkas
  10 ball pythons
  5 bats
  17 frilled lizards
  6 kobolds
  6 rats
101 creatures vanquished.

Notes
Turn   | Place    | Note
-------+----------+-------------------------------------------
     0 | D:1      | safid the Merfolk Ice Elementalist began the quest for the
                  | Orb.
     0 | D:1      | Reached XP level 1. HP: 13/13 MP: 3/3
    24 | D:1      | Found Luriojao's Book Boutique.
   370 | D:1      | Reached XP level 2. HP: 20/20 MP: 3/5
   506 | D:1      | Reached skill level 1 in Fighting
   997 | D:1      | Reached XP level 3. HP: 22/26 MP: 3/6
  1090 | D:1      | Found a faded altar of an unknown god.
  1332 | D:1      | Learned a level 3 spell: Frozen Ramparts
  1341 | D:1      | Learned a level 3 spell: Ozocubu's Armour
  1928 | D:2      | Found Plog's General Store.
  2065 | D:3      | Reached skill level 5 in Ice Magic
  2079 | D:3      | Reached XP level 4. HP: 7/33 MP: 0/8
  2361 | D:3      | Reached XP level 5. HP: 24/39 MP: 7/9
  2419 | D:3      | Found a glowing drain.
  2423 | Sewer    | Entered a sewer
  3026 | Sewer    | Slain by a bullfrog

Illustrated notes

Levels and vault maps discovered:
D:1:      zelgadis_glass_arrival_small, layout_basic,
          chequers_ecumenical_altar_lobes, serial_shops, shop
D:2:      layout_rooms, serial_shops, nicolae_lakefront_shop,
          kennysheep_generic_room_15
D:3:      layout_loops_cross, gup_sewer_entry_bowl, minmay_diced_spiral
Sewer:    sewer_frog_island_02

Skill      XL: |  1  2  3  4  5 |
---------------+----------------+-----
Fighting       | 1 2 3 |  3.1
Ice Magic      | 5 |  5.5
Spellcasting   | 3 |  3.4
Dodging        | |  2.6
Stealth        | |  2.1

Action                   |  1- 3 |  4- 6 || total
-------------------------+-------+-------++-------
Melee: Unarmed           |    18 |       ||    18
       Short sword       |    42 |     7 ||    49
       Long sword        |       |    64 ||    64
       Tailslap          |       |     1 ||     1
       Punch             |       |     1 ||     1
 Cast: Freeze            |    43 |    26 ||    69
       Frozen Ramparts   |       |     6 ||     6
       Ozocubu's Armour  |       |     2 ||     2
  Use: Potion            |       |     1 ||     1
 Stab: Sleeping          |     6 |     6 ||    12
Armor: Robe              |    18 |    13 ||    31
Dodge: Dodged            |    69 |    94 ||   163
